 Dungeon Sprint DCSS version 0.27.1-1-g398f81649c (webtiles) character file.

Game seed: 3382400893126858833

152 Rickety the Shield-Bearer (level 5, -3/72 HPs)
             Began as a Gnoll Fighter on Sept 15, 2021.
             Was a Follower of Qazlal.
             Splashed by a brown ugly thing's acid (10 damage)
             ... in the Dungeon (Sprint V: "Ziggurat Sprint").
             The game lasted 00:02:10 (321 turns).

Rickety the Shield-Bearer (Gnoll Fighter)            Turns: 321, Time: 00:02:11

Health: -3/72      AC: 13    Str: 28    XL:     5   Next: 34%
Magic:  10/10      EV:  0    Int:  8    God:    Qazlal [*.....]
Gold:   0          SH: 31    Dex: 11    Spells: 10/10 levels left

rFire    + . .     SeeInvis .   u - +7 Screaming Sword {vorpal, sonic wave}
rCold    + . .     Faith    .   t - +18 shield of the Gong {rElec rN+ Will+ EV-5}
rNeg     + . .     Spirit   .   F - +5 gold dragon scales
rPois    +         Reflect  .   (no helmet)
rElec    +         Harm     .   (no cloak)
rCorr    .         Rampage  .   (no gloves)
Will     +....     NoTele   +   (no boots)
Stlth    ..........             (no amulet)
HPRegen  0.22/turn              A - +6 ring of strength
MPRegen  0.12/turn              B - +6 ring of strength

@: berserking (expiring), corroded, very quick
A: fangs 1, strong nose, distributed training
a: Renounce Religion


You were in the Dungeon.
You worshipped Qazlal.
Qazlal was aware of your devotion.
You visited 1 branch

Inventory:

Hand Weapons
 a - a +0 war axe
 u - the +7 Screaming Sword (weapon) {vorpal, sonic wave}
   (You found it in the Dungeon)

   It inflicts extra damage upon your enemies.
   It radiates damaging sonic waves as it strikes, especially in combat
   involving dangerous or numerous foes.
Armour
 b - a +0 scale mail
 c - a +0 kite shield
 t - the +18 shield of the Gong (worn) {rElec rN+ Will+ EV-5}
   (You found it in the Dungeon)

   It is deafeningly noisy when blocking attacks.
   EV:        It affects your evasion (-5).
   rElec:     It insulates you from electricity.
   rN:        It protects you from negative energy.
   Will:      It increases your willpower.
 F - +5 gold dragon scales (worn)
Jewellery
 v - a ring of flight
 w - a +6 ring of dexterity
 x - a +6 ring of dexterity
 y - a +6 ring of intelligence
 z - a +6 ring of intelligence
 A - a +6 ring of strength (left hand)
 B - a +6 ring of strength (right hand)
Wands
 C - a wand of mindburst (7)
 D - a wand of iceblast (7)
 E - a wand of acid (7)
Scrolls
 j - 4 scrolls of blinking
 o - 4 scrolls of amnesia
 p - 7 scrolls of fog
 q - a scroll of holy word
 r - 5 scrolls of identify
 s - 2 scrolls of fear
 G - a scroll of brand weapon
Potions
 d - 6 potions of might
 e - 10 potions of curing
 f - 9 potions of heal wounds
 g - 6 potions of haste
 h - 7 potions of magic
 i - 2 potions of berserk rage
 k - 2 potions of brilliance
 l - 2 potions of invisibility
 m - 4 potions of resistance
 n - a potion of experience
Miscellaneous
 H - a tin of tremorstones (2/2)


   Skills:
 + Level 7.4 Fighting
 + Level 3.4 Short Blades
 + Level 3.4 Long Blades
 + Level 5.8 Axes
 + Level 3.4 Maces & Flails
 + Level 3.4 Polearms
 + Level 3.4 Staves
 + Level 3.4 Slings
 + Level 3.4 Bows
 + Level 3.4 Crossbows
 + Level 3.4 Throwing
 + Level 7.4 Armour
 + Level 3.4 Dodging
 + Level 3.4 Stealth
 + Level 7.4 Shields
 + Level 3.4 Unarmed Combat
 + Level 3.4 Spellcasting
 + Level 2.8 Conjurations
 + Level 2.8 Hexes
 + Level 2.8 Summonings
 + Level 2.8 Necromancy
 + Level 2.8 Translocations
 + Level 2.8 Transmutations
 + Level 2.8 Fire Magic
 + Level 2.8 Ice Magic
 + Level 2.8 Air Magic
 + Level 2.8 Earth Magic
 + Level 2.8 Poison Magic
 + Level 3.8 Invocations
 + Level 3.4 Evocations


You had 10 spell levels left.
You didn't know any spells.
Your spell library was empty.

Dungeon Overview and Level Annotations

Branches:
Dungeon (1/1)

Altars:
Ashenzari
Cheibriados
Dithmenos
Elyvilon
Fedhas
Gozag
Hepliaklqana
Kikubaaqudgha
Makhleb
Nemelex Xobeh
Okawaru
Qazlal
Ru
Sif Muna
Trog
Uskayaw
Vehumet
Wu Jian
Xom
Yredelemnul
Zin
The Shining One
Beogh
Jiyva
Lugonu

Annotations:
D 1 transporter


Innate Abilities, Weirdness & Mutations

You have very sharp teeth.
Your uncanny sense of smell can sniff out nearby items.
Your experience applies equally to all skills.


Message History

GONNNNG!
The brown ugly thing kicks you.
You are splashed with acid!
* * * LOW HITPOINT WARNING * * *
You barely miss the brown ugly thing.
The fire bat changes into a black bear!
The brown ugly thing basks in the mutagenic energy from its kin and changes!
The brown ugly thing kicks you but does no damage.
Unknown command.
You closely miss the white ugly thing.
You block the brown ugly thing's attack.
GONNNNG!
Unknown command.
You are too berserk!
You slash the white ugly thing! You bite the white ugly thing.
The white ugly thing is moderately wounded.
You block the brown ugly thing's attack.
BOUMMMMG!
The white ugly thing basks in the mutagenic energy from its kin and changes!
You slice the brown ugly thing!!
The brown ugly thing is severely wounded.
You block the black bear's attack.
GONNNNG!
You block the black bear's attack.
GONNNNG!
You block the black bear's attack.
BOUMMMMG!
You block the brown ugly thing's attack.
GONNNNG!
You slash the brown ugly thing! Your bite misses the brown ugly thing.
The brown ugly thing is almost dead.
You block the black bear's attack.
GONNNNG!
You block the black bear's attack.
PTOANNNG!
You block the black bear's attack.
GONNNNG!
The brown ugly thing kicks you but does no damage.
The brown ugly thing pecks you.
* * * LOW HITPOINT WARNING * * *
You are splashed with acid!
You die...

▓▓▓▓▓▓▓▓▓▓▓▓▓▓▓▓▓▓
▓.8©8.▓.8©8.▓.8©8.
∆∆∆
▓.[)).▓.)|..▓.....
∆∆∆
▓..=..▓.....▓...[.
▓.....▓.)...▓.....
▓.....▓.....▓.....
▓hu...▓.....▓..©..
▓@uF..▓..©..▓▓▓▓▓▓
▓▓▓▓▓▓▓▓▓▓▓▓▓ ∆∆∆
∆∆∆ ∆ ∆ ∆ ∆∆∆


You could see 2 ugly things, a black bear shaped shifter and a bullfrog.

Vanquished Creatures
  A phantom (D)
  A wight (D)
  A quasit (D)
  A white imp (D)
  A quokka skeleton (D)
5 creatures vanquished.

Notes
Turn   | Place    | Note
-------+----------+-------------------------------------------
     0 | D        | Rickety the Gnoll Fighter began the quest for the Orb.
     0 | D        | Reached XP level 1. HP: 23/23 MP: 1/1
     0 | D        | Found a shimmering blue altar of Sif Muna.
     0 | D        | Found a sacrificial altar of Ru.
     0 | D        | Found a bloodstained altar of Trog.
     0 | D        | Found a stormy altar of Qazlal.
     0 | D        | Found an iron altar of Okawaru.
     0 | D        | Found a sparkling altar of Nemelex Xobeh.
     0 | D        | Found a blossoming altar of Fedhas.
     0 | D        | Found the +6 Majin-Bo {vamp, MP+6 Int+6}
     0 | D        | Found the +9 heavy crossbow "Sniper" {vorpal, Acc+∞ SInv}
     0 | D        | Found the +10 dark maul {vorpal}
     0 | D        | Found the +15 Maxwell's patent armour {-Cast -Tele rElec
                  | Will+ rCorr}
     0 | D        | Found the +18 shield of the Gong {rElec rN+ Will+ EV-5}
     0 | D        | Found the +14 obsidian axe {vorpal, Drain Fly SInv}
     0 | D        | Found the +7 great mace "Firestarter" {inner flame, rF++}
     0 | D        | Found the +6 shillelagh "Devastator" {shatter}
     0 | D        | Found the +11 plutonium sword {Contam Stlth-}
     0 | D        | Found the +8 lance "Wyrmbane" {slay drac, rPois rF+ rC+
                  | AC+3}
     0 | D        | Found the +9 sword of Zonguldrok {reap}
     0 | D        | Found the +13 scythe of Curses {drain, Drain}
     0 | D        | Found the +5 sword of Power {vorpal}
     0 | D        | Found the +7 mace of Variability {chain chaos}
     0 | D        | Found the +7 Singing Sword {vorpal, sonic wave}
     0 | D        | Found the +8 storm bow {elec, penet}
     0 | D        | Banished a spatial maelstrom
     1 | D        | Banished a spatial maelstrom
     2 | D        | Found a transporter.
     2 | D        | Found an ancient bone altar of Kikubaaqudgha.
     2 | D        | Found a viscous altar of Jiyva.
     2 | D        | Found a corrupted altar of Lugonu.
     2 | D        | Found a hazy altar of Hepliaklqana.
     2 | D        | Found a burning altar of Makhleb.
     2 | D        | Found an opulent altar of Gozag.
    66 | D        | Became a worshipper of Qazlal Stormbringer
    74 | D        | Entered arena 2.
    74 | D        | Noticed a quasit
    74 | D        | Found a transporter.
    75 | D        | Killed a quasit
    76 | D        | Reached skill level 1 in Short Blades
    76 | D        | Reached skill level 1 in Long Blades
    76 | D        | Reached skill level 1 in Maces & Flails
    76 | D        | Reached skill level 1 in Polearms
    76 | D        | Reached skill level 1 in Staves
    76 | D        | Reached skill level 1 in Slings
    76 | D        | Reached skill level 1 in Bows
    76 | D        | Reached skill level 1 in Crossbows
    76 | D        | Reached skill level 1 in Throwing
    76 | D        | Reached skill level 1 in Dodging
    76 | D        | Reached skill level 1 in Stealth
    76 | D        | Reached skill level 1 in Unarmed Combat
    76 | D        | Reached skill level 1 in Spellcasting
    76 | D        | Reached skill level 1 in Conjurations
    76 | D        | Reached skill level 1 in Hexes
    76 | D        | Reached skill level 1 in Summonings
    76 | D        | Reached skill level 1 in Necromancy
    76 | D        | Reached skill level 1 in Translocations
    76 | D        | Reached skill level 1 in Transmutations
    76 | D        | Reached skill level 1 in Fire Magic
    76 | D        | Reached skill level 1 in Ice Magic
    76 | D        | Reached skill level 1 in Air Magic
    76 | D        | Reached skill level 1 in Earth Magic
    76 | D        | Reached skill level 1 in Poison Magic
    76 | D        | Reached skill level 1 in Evocations
    76 | D        | Reached XP level 2. HP: 29/29 MP: 1/4
    76 | D        | Reached XP level 3. HP: 35/35 MP: 1/5
    77 | D        | Reached skill level 5 in Axes
   127 | D        | Entered arena 3.
   127 | D        | Noticed a phantom
   127 | D        | Found a transporter.
   133 | D        | Killed a phantom
   133 | D        | Reached * piety under Qazlal
   134 | D        | Reached XP level 4. HP: 18/43 MP: 6/8
   135 | D        | Reached XP level 5. HP: 20/48 MP: 6/10
   304 | D        | Entered arena 4.
   304 | D        | Found the +4 dagger "Morg" {pain, Will+ Int+5}
   304 | D        | Noticed a brown ugly thing
   304 | D        | Noticed a purple ugly thing
   304 | D        | Noticed a fire bat
   304 | D        | Found a transporter.
   317 | D        | Noticed a black bear
   317 | D        | a fire bat changed into a black bear
   321 | D        | Splashed by a brown ugly thing's acid

Illustrated notes

Levels and vault maps discovered:
D:        sprint_v [room_start, room_1, room_2, room_3, room_4, room_5, room_6,
          room_7, room_8, room_9, room_10, room_11, room_12, room_13, room_14,
          room_15, room_16, room_17, room_18, room_19, room_20, room_21,
          room_22, room_23, room_24, room_25, room_26, room_27]

Skill      XL: |  1  2  3 |
---------------+----------+-----
Short Blades   | 1 3 |  3.4
Long Blades    | 1 3 |  3.4
Maces & Flails | 1 3 |  3.4
Polearms       | 1 3 |  3.4
Staves         | 1 3 |  3.4
Slings         | 1 3 |  3.4
Bows           | 1 3 |  3.4
Crossbows      | 1 3 |  3.4
Throwing       | 1 3 |  3.4
Dodging        | 1 3 |  3.4
Stealth        | 1 3 |  3.4
Unarmed Combat | 1 3 |  3.4
Spellcasting   | 1 3 |  3.4
Conjurations   | 1 2 |  2.8
Hexes          | 1 2 |  2.8
Summonings     | 1 2 |  2.8
Necromancy     | 1 2 |  2.8
Translocations | 1 2 |  2.8
Transmutations | 1 2 |  2.8
Fire Magic     | 1 2 |  2.8
Ice Magic      | 1 2 |  2.8
Air Magic      | 1 2 |  2.8
Earth Magic    | 1 2 |  2.8
Poison Magic   | 1 2 |  2.8
Invocations    | 2 3 |  3.8
Evocations     | 1 3 |  3.4
Axes           | 5 |  5.8
Fighting       | 7 |  7.4
Armour         | 7 |  7.4
Shields        | 7 |  7.4

Action                   |  1- 3 |  4- 6 || total
-------------------------+-------+-------++-------
Melee: Double sword      |     6 |    15 ||    21
       Bite              |     1 |     2 ||     3
  Use: Potion            |       |     2 ||     2
Armor: Gold dragon scale |     4 |     9 ||    13
Block: Kite shield       |    13 |    33 ||    46
